 Dungeon Crawl Stone Soup version 0.28.0-53-g5a82cb258f (webtiles) character file.

Game seed: 13741291563372775346

93 thriggle the Sneak (level 4, -4/25 HPs)
             Began as a Kobold Enchanter on June 17, 2022.
             Was a Follower of Uskayaw.
             Slain by a gnoll
             ... wielding a +0 club
              (6 damage)
             ... on level 3 of the Dungeon.
             The game lasted 00:05:25 (2235 turns).

thriggle the Sneak (Kobold Enchanter)               Turns: 2235, Time: 00:05:26

Health: -4/25      AC:  3    Str:  7    XL:     4   Next: 92%
Magic:  0/8        EV: 15    Int: 16    God:    Uskayaw [*.....]
Gold:   41         SH:  0    Dex: 15    Spells: 6/8 levels left

rFire   . . .      SeeInvis .   a - +1 dagger
rCold   . . .      Faith    .   (no shield)
rNeg    . . .      Spirit   .   b - +0 robe
rPois   .          Reflect  .   (no helmet)
rElec   .          Harm     .   (no cloak)
rCorr   .          Rampage  .   o - +0 pair of gloves
Will    .....                   (no boots)
Stlth   ++++......              (no amulet)
HPRegen 0.08/turn               (no ring)
MPRegen 0.11/turn               (no ring)

@: invisible
A: small, no large weapons, nightstalker 3
a: Renounce Religion, Stomp


You were on level 3 of the Dungeon.
You worshipped Uskayaw.
Uskayaw was noncommittal.
You visited 1 branch of the dungeon, and saw 3 of its levels.

You collected 41 gold pieces.

Inventory:

Hand Weapons
 a - a +1 dagger (weapon)
 h - a +0 spear
Missiles
 e - 95 stones (quivered)
 l - 53 sling bullets
 p - 3 poisoned darts
Armour
 b - a +0 robe (worn)
 f - a +0 leather armour
 o - a +0 pair of gloves (worn)
Magical Staves
 v - a staff of conjuration
Wands
 s - a wand of iceblast (12)
Scrolls
 g - 3 scrolls of teleportation {unknown}
 i - a scroll of fear {unknown}
 j - a scroll of acquirement {unknown}
 n - a scroll of identify {unknown}
 r - a scroll of fog {unknown}
 t - a scroll of magic mapping {unknown}
Potions
 d - a potion of lignification {unknown}
 k - a potion of mutation {unknown}
 m - a potion of degeneration {unknown}
 q - a potion of flight {unknown}
 u - 2 potions of brilliance {unknown}


   Skills:
 + Level 1.1 Fighting
 + Level 2.3 Short Blades
 + Level 0.2 Throwing
 + Level 3.0 Dodging
 + Level 4.6 Stealth
 + Level 2.8 Spellcasting
 + Level 3.3 Hexes
 + Level 0.6 Ice Magic
 + Level 0.6 Invocations
 + Level 0.7 Evocations


You had 6 spell levels left.
You knew the following spells:

 Your Spells              Type           Power      Damage    Failure   Level
a - Ensorcelled Hibernat  Hex/Ice        16%        N/A       13%         2

Your spell library contained the following spells:

 Spells                   Type           Power      Damage    Failure   Level
 Confusing Touch          Hex            13%        N/A       14%         3
 Tukima's Dance           Hex            13%        N/A       14%         3
 Dazzling Flash           Conj/Hex       14%        N/A       28%         3


Dungeon Overview and Level Annotations

Branches:
Dungeon (3/15)

Altars:
Uskayaw

Annotations:
D:3 Sigmund


Innate Abilities, Weirdness & Mutations

You are small and have problems with some larger weapons.
You are completely attuned to the shadows.


Message History

You hit the bat.
The bat is severely wounded.
The bat barely misses you.
You hit the bat.
You kill the bat!
You see here a +0 spear. 2 gnolls come into view.
The gnoll shouts!
You hear a shout! x2; The gnoll shouts!
The gnoll misses you.
A gnoll comes into view. It is wielding a +0 club.
You see here 19 arrows.
Found a smoky grey potion.
Casting: Ensorcelled Hibernation (safe; 13% risk of failure)
Confirm with . or Enter, or press ? or * to list all spells.
Aiming: Ensorcelled Hibernation (safe; 13% risk of failure)
Press: ? - help, Shift-Dir - straight line, f - gnoll
Aim: a gnoll, wielding a +0 halberd (chance to affect: 50%)
The gnoll resists with some effort.
The gnoll misses you.
Your magical contamination has completely faded away.
You can no longer pass through a line of other dancers.
Casting: Ensorcelled Hibernation (safe; 13% risk of failure)
Confirm with . or Enter, or press ? or * to list all spells.
Okay, then.
Okay, then.
You hit the gnoll but do no damage. The gnoll completely misses you.
The gnoll misses you.
You hit the gnoll but do no damage. You punch the gnoll, but do no damage.
You closely miss the gnoll. The gnoll misses you.
The gnoll hits you with a +0 club.
Sigmund the Dreaded comes into view.
He is wielding a +2 antimagic scythe.
You closely miss the gnoll. The gnoll misses you. x2
You barely miss the gnoll.
The gnoll hits you from afar with a +0 halberd.
The gnoll hits you with a +0 club!
* * * LOW HITPOINT WARNING * * *
A worm comes into view.
Okay, then.
You fade into invisibility!
The gnoll barely misses you. The gnoll hits you with a +0 club.
You die...

.... !.. ....
... ....##.#
##
.@.g#..##.#
#..gg@.....
#####......
##..#..
##..)# #
##..w.###
#..#....#
##.##.#).#
#....<#....
.....####.###


You could see Sigmund (wandering), a worm (wandering) and 3 gnolls.

Vanquished Creatures
  2 gnolls
  3 adders (D:2)
  A worm (D:2)
  A dart slug (D:1)
  4 bats
  4 endoplasms
  2 giant cockroaches
  5 goblins
  4 hobgoblins
  2 quokkas (D:1)
  6 ball pythons
  A frilled lizard (D:1)
  3 kobolds
  3 rats
41 creatures vanquished.

Notes
Turn   | Place    | Note
-------+----------+-------------------------------------------
     0 | D:1      | thriggle the Kobold Enchanter began the quest for the Orb.
     0 | D:1      | Reached XP level 1. HP: 10/10 MP: 3/3
   203 | D:1      | Reached XP level 2. HP: 15/15 MP: 5/5
   256 | D:1      | Reached XP level 3. HP: 19/20 MP: 6/6
   353 | D:1      | Learned a level 2 spell: Ensorcelled Hibernation
  1543 | D:2      | Reached skill level 1 in Fighting
  1564 | D:2      | Reached XP level 4. HP: 25/25 MP: 8/8
  1928 | D:2      | Found a faded altar of an unknown god.
  1933 | D:2      | Prayed at the altar of an unknown god.
  1933 | D:2      | Became a worshipper of Uskayaw the Reveller
  1933 | D:2      | Reached * piety under Uskayaw
  2220 | D:3      | Reached ** piety under Uskayaw
  2232 | D:3      | Noticed Sigmund
  2235 | D:3      | Slain by a gnoll

Illustrated notes

Levels and vault maps discovered:
D:1:      evilmike_arrival_plus, layout_basic,
          hangedman_abyss_or_decor_lesser_grid, serial_park_tiny_2
D:2:      layout_basic, dilly_ecumenical_altar_fadedgnrine
D:3:      layout_rooms, uniq_sigmund, uniq_crazy_yiuf_cottage

Skill      XL: |  1  2  3  4 |
---------------+-------------+-----
Short Blades   | 2 |  2.3
Fighting       | 1 |  1.1
Dodging        | 3 |  3.0
Throwing       | |  0.2
Stealth        | |  4.6
Spellcasting   | |  2.8
Hexes          | |  3.3
Ice Magic      | |  0.6
Invocations    | |  0.6
Evocations     | |  0.7

Action                   |  1- 3 |  4- 6 || total
-------------------------+-------+-------++-------
Melee: Dagger            |    64 |    43 ||   107
       Punch             |       |     1 ||     1
 Cast: Ensorcelled Hiber |     6 |     9 ||    15
  Use: Potion            |       |     1 ||     1
 Stab: Sleeping          |    16 |    13 ||    29
Armor: Robe              |     9 |     3 ||    12
Dodge: Dodged            |    42 |    37 ||    79
